Monarchs vs Blackdemons

Created - 6 janvier 2015 at 22:44

Goals
1 2 3 T
Monarchs 2 0 0 2
Blackdemons 2 1 2 5
Shots
1 2 3 T
Monarchs 12 12 7 31
Blackdemons 21 11 8 40

1st period

1. Monarchs , Brock Trotter 14 (Jake Muzzin, Richard Park) at 3:03
2. Monarchs , Jarret Stoll 11 (James Van Riemsdyk) at 3:07
3. Blackdemons , Wayne Primeau 9 (Barry Tallackson, Michael Haley) at 13:17
4. Blackdemons , Barry Tallackson 23 (Wayne Primeau, Michael Haley) at 14:12

Penalties :
Cody Eakin (MAN) for Tripping (Minor) at 0:50, Shawn Belle (MAN) for Tripping (Minor) at 4:48, Zach Boychuk (MJM) for Hooking (Minor) at 17:13, Kyle Okposo (MAN) for Tripping (Minor) at 17:50, Matt Irwin (MAN) for Holding (Minor) at 18:12

2nd period

5. Blackdemons , Michael Haley 6 (Barry Tallackson, Wayne Primeau) at 1:17

Penalties :
Michael Haley (MJM) for Fighting (Major) at 5:55, Peter Schaefer (MAN) for Fighting (Major) at 5:55

3rd period

6. Blackdemons , Shawn Matthias 8 (Calvin de Haan, Francois Bouchard) at 10:18
7. Blackdemons , Matt Hunwick 2 (Alyn McCauley, Zach Boychuk) at 16:04 (PP)

Penalties :
Matt Hunwick (MJM) for High sticking (Double Minor) at 0:53, Jake Muzzin (MAN) for Hooking (Minor) at 8:10, Brock Trotter (MAN) for High sticking (Minor) at 15:27, Richard Park (MAN) for Interference (Minor) at 18:56

Goalie Stats

Richard Bachman (MAN), 35 saves from 40 shots - (0,875), L, 13-6-1, 60:00 minutes
Martin Biron (MJM), 29 saves from 31 shots - (0,935), W, 29-6-1, 60:00 minutes

Players Stats for Monarchs

Player Name              G  A  P  +/- PIM S  H  SB GA TA FO     MP     PP MP  PK MP  
------------------------------------------------------------------------------------
Brian Gionta             0  0  0  -2  0   2  0  0  1  0  7/15   21:12   1:42   5:52 
Brock Trotter            1  0  1   0  2   2  0  0  0  0  0/0    11:50   1:41   0:51 
Cody Eakin               0  0  0   1  2   0  1  0  0  0  2/2    10:31   1:41   0:00 
Dana Tyrell              0  0  0   0  0   2  0  0  0  0  3/5     8:58   0:00   0:00 
David Clarkson           0  0  0   0  0   2  1  0  0  0  0/1     9:34   0:39   0:00 
Frederic St-Denis        0  0  0   0  0   2  1  2  0  1  0/0    15:27   0:27   3:35 
Ian Cole                 0  0  0   0  0   1  0  1  0  0  0/0    12:00   0:27   0:21 
Jake Muzzin              0  1  1  -2  2   0  0  2  0  2  0/0    19:54   1:41   2:08 
James Van Riemsdyk       0  1  1  -1  0   5  4  1  0  0  0/1    17:11   2:24   0:45 
Jarret Stoll             1  0  1   0  0   3  1  0  2  0  11/20  16:43   0:34   2:15 
Jordan Nolan             0  0  0  -2  0   2  2  0  0  0  7/18   17:56   2:14   2:15 
Keith Ballard            0  0  0  -1  0   3  1  1  1  1  0/0    29:28   2:28   6:21 
Kyle Okposo              0  0  0   0  2   2  2  0  0  0  0/2    16:09   2:14   0:02 
Matt Irwin               0  0  0   0  2   1  2  2  1  1  0/0    25:13   2:28   4:21 
Matt Martin              0  0  0   0  0   0  0  0  0  0  0/0     8:58   0:00   0:00 
Peter Schaefer           0  0  0  -2  5   2  0  0  1  0  2/2    17:57   0:01   5:35 
Richard Park             0  1  1   1  2   1  0  0  0  0  0/0    11:03   0:37   0:00 
Shawn Belle              0  0  0  -2  2   1  1  2  1  0  0/0    18:13   1:41   2:26 

Players Stats for Blackdemons

Player Name              G  A  P  +/- PIM S  H  SB GA TA FO     MP     PP MP  PK MP  
------------------------------------------------------------------------------------
Alyn McCauley            0  1  1   0  0   1  1  1  1  1  7/12   19:51   3:56   1:16 
Andrew MacDonald         0  0  0   1  0   0  0  0  0  0  0/0    13:56   0:57   0:37 
Barry Tallackson         1  2  3   3  0   8  1  0  1  1  1/3    22:01   4:30   2:18 
Brendon Nash             0  0  0   1  0   1  0  2  0  2  0/0    19:37   3:04   1:52 
Calvin de Haan           0  1  1   1  0   1  0  0  0  0  0/0    12:08   0:00   1:40 
Francois Bouchard        0  1  1  -1  0   1  0  0  0  0  0/0    11:58   0:01   0:00 
Jakub Kindl              0  0  0   0  0   4  2  3  0  0  0/0    29:56   5:32   2:56 
Luca Caputi              0  0  0   0  0   0  0  0  0  0  0/1     5:32   0:00   0:00 
Mathieu Dandenault       0  0  0   0  0   0  3  1  0  0  0/1    19:20   3:56   0:52 
Matt Calvert             0  0  0   0  0   5  0  1  1  1  0/1    12:51   0:00   1:08 
Matt Hunwick             1  0  1   1  4   1  2  1  0  1  0/0    18:11   3:04   0:00 
Michael Haley            1  2  3   3  5   5  1  0  0  0  2/2    18:03   4:38   1:12 
Nate Prosser             0  0  0   0  0   1  2  3  0  0  0/0    25:40   4:35   2:07 
Scott Timmins            0  0  0   0  0   0  0  0  0  0  0/0     0:32   0:00   0:08 
Shawn Matthias           1  0  1  -1  0   3  1  2  0  0  0/3    13:22   0:11   0:00 
Steven Zalewski          0  0  0  -1  0   0  1  0  0  1  0/3     6:41   0:01   0:00 
Wayne Primeau            1  2  3   3  0   7  3  1  2  0  24/40  26:10   4:39   2:18 
Zach Boychuk             0  1  1   0  2   2  1  0  0  0  0/0    18:10   3:56   0:00 

3 Stars

1 - Wayne Primeau (MJM)
2 - Barry Tallackson (MJM)
3 - Michael Haley (MJM)

Power Play

Monarchs - 0 on 3 Attempt(s) - 0,00%
Blackdemons - 1 on 7 Attempt(s) - 14,29%

Penalty Kill

Monarchs - 6 on 7 Attempt(s) - 85,71% - Score 0 goal in Penalty Kill
Blackdemons - 3 on 3 Attempt(s) - 100,00% - Score 0 goal in Penalty Kill

Official

Referees : Sutherland Kelly and Rooney Chris
Linesman : Steve Miller and Darren Gibbs

Game Notes

Peter Schaefer beats up Michael Haley at 5:55 of 2nd period
Nate Prosser is injured at 13:11 of 3rd period (Sore Right Knee)

Finance

Level 1 -- Attendance: 1418 (70,90%) -- Ticket Income 42 540 $
Level 2 -- Attendance: 752 (75,20%) -- Ticket Income 7 520 $
Total Attendance: 2170 (72,33%)
Total Ticket Income: 50 060 $
Other Income: 2 503 $
Total Income: 52 563 $

Monarchs

5 vs 5 Forward 
   Center                   Left Wing                Right Wing               Time % Phy DF OF 
 1 Jordan Nolan             Peter Schaefer           Brian Gionta             35     1   2  2  
 2 Jarret Stoll             James Van Riemsdyk       Kyle Okposo              35     2   1  2  
 3 Cody Eakin               Brock Trotter            Richard Park             20     1   2  2  
 4 Dana Tyrell              Matt Martin              David Clarkson           10     1   2  2  

5 vs 5 Defense 
   Defense                  Defense                                           Time % Phy DF OF 
 1 Keith Ballard            Matt Irwin                                        40     1   2  2  
 2 Shawn Belle              Jake Muzzin                                       30     1   2  2  
 3 Ian Cole                 Frederic St-Denis                                 20     1   2  2  
 4 Jake Muzzin              Keith Ballard                                     10     1   2  2  

PowerPlay Forward 
   Center                   Left Wing                Right Wing               Time % Phy DF OF 
 1 Jordan Nolan             James Van Riemsdyk       Kyle Okposo              60     1   2  2  
 2 Cody Eakin               Brock Trotter            Brian Gionta             40     1   2  2  

PowerPlay Defense
   Defense                  Defense                                           Time % Phy DF OF 
 1 Keith Ballard            Matt Irwin                                        60     1   2  2  
 2 Shawn Belle              Jake Muzzin                                       40     1   2  2  

Penalty Kill 4 Players Forward 
   Center                   Wing                     Time % Phy DF OF 
 1 Brian Gionta             Peter Schaefer           60     1   2  2  
 2 Jarret Stoll             Jordan Nolan             40     1   2  2  

Penalty Kill 4 Players Defense
   Defense                  Defense                  Time % Phy DF OF 
 1 Keith Ballard            Matt Irwin               60     1   2  2  
 2 Shawn Belle              Jake Muzzin              40     1   2  2  

Penalty Kill - 3 Players Forward 
   Forward                                           Time % Phy DF OF 
 1 Brian Gionta                                      60     1   2  2  
 2 Peter Schaefer                                    40     1   2  2  

Penalty Kill - 3 Players Defense
   Defense                  Defense                  Time % Phy DF OF 
 1 Keith Ballard            Matt Irwin               60     1   2  2  
 2 Shawn Belle              Jake Muzzin              40     1   2  2  

4 vs 4 Forward 
   Center                   Wing                     Time % Phy DF OF 
 1 Brian Gionta             Peter Schaefer           60     1   2  2  
 2 Jarret Stoll             Jordan Nolan             40     1   2  2  

4 vs 4 Defense
   Defense                  Defense                  Time % Phy DF OF 
 1 Keith Ballard            Matt Irwin               60     1   2  2  
 2 Shawn Belle              Jake Muzzin              40     1   2  2  

Last Minutes Offensive
   Center                   Left Wing                Right Wing               Defense                  Defense                  
   Jordan Nolan             Peter Schaefer           Brian Gionta             Keith Ballard            Matt Irwin               

Last Minutes Defensive
   Center                   Left Wing                Right Wing               Defense                  Defense                  
   Jarret Stoll             Peter Schaefer           Brian Gionta             Keith Ballard            Matt Irwin               

Goaltenders
Starting : Richard Bachman          
Backup : Jonas Gustavsson         

Extra Forwards
Normal : Richard Park, David Clarkson, Brock Trotter - PP : Richard Park, David Clarkson - PK : Brock Trotter
Extra Defensemen
Normal : Ian Cole, Frederic St-Denis, Jake Muzzin - PP : Ian Cole - PK : Frederic St-Denis, Jake Muzzin
Penalty Shots
Brian Gionta, Peter Schaefer, Jarret Stoll, Jordan Nolan, Kyle Okposo

Blackdemons

5 vs 5 Forward 
   Center                   Left Wing                Right Wing               Time % Phy DF OF 
 1 Wayne Primeau            Michael Haley            Barry Tallackson         40     1   2  2  
 2 Alyn McCauley            Zach Boychuk             Mathieu Dandenault       30     1   2  2  
 3 Shawn Matthias           Matt Calvert             Francois Bouchard        20     1   2  2  
 4 Steven Zalewski          Luca Caputi              Wayne Primeau            10     1   2  2  

5 vs 5 Defense 
   Defense                  Defense                                           Time % Phy DF OF 
 1 Nate Prosser             Jakub Kindl                                       40     1   2  2  
 2 Brendon Nash             Matt Hunwick                                      30     1   2  2  
 3 Andrew MacDonald         Calvin de Haan                                    20     1   2  2  
 4 Nate Prosser             Jakub Kindl                                       10     1   2  2  

PowerPlay Forward 
   Center                   Left Wing                Right Wing               Time % Phy DF OF 
 1 Wayne Primeau            Michael Haley            Barry Tallackson         60     1   2  2  
 2 Alyn McCauley            Zach Boychuk             Mathieu Dandenault       40     1   2  2  

PowerPlay Defense
   Defense                  Defense                                           Time % Phy DF OF 
 1 Nate Prosser             Jakub Kindl                                       60     1   2  2  
 2 Brendon Nash             Matt Hunwick                                      40     1   2  2  

Penalty Kill 4 Players Forward 
   Center                   Wing                     Time % Phy DF OF 
 1 Wayne Primeau            Barry Tallackson         60     1   2  2  
 2 Mathieu Dandenault       Alyn McCauley            40     1   2  2  

Penalty Kill 4 Players Defense
   Defense                  Defense                  Time % Phy DF OF 
 1 Nate Prosser             Jakub Kindl              60     1   2  2  
 2 Brendon Nash             Matt Hunwick             40     1   2  2  

Penalty Kill - 3 Players Forward 
   Forward                                           Time % Phy DF OF 
 1 Wayne Primeau                                     60     1   2  2  
 2 Barry Tallackson                                  40     1   2  2  

Penalty Kill - 3 Players Defense
   Defense                  Defense                  Time % Phy DF OF 
 1 Nate Prosser             Jakub Kindl              60     1   2  2  
 2 Brendon Nash             Matt Hunwick             40     1   2  2  

4 vs 4 Forward 
   Center                   Wing                     Time % Phy DF OF 
 1 Wayne Primeau            Barry Tallackson         60     1   2  2  
 2 Mathieu Dandenault       Alyn McCauley            40     1   2  2  

4 vs 4 Defense
   Defense                  Defense                  Time % Phy DF OF 
 1 Nate Prosser             Jakub Kindl              60     1   2  2  
 2 Brendon Nash             Matt Hunwick             40     1   2  2  

Last Minutes Offensive
   Center                   Left Wing                Right Wing               Defense                  Defense                  
   Wayne Primeau            Michael Haley            Barry Tallackson         Nate Prosser             Jakub Kindl              

Last Minutes Defensive
   Center                   Left Wing                Right Wing               Defense                  Defense                  
   Wayne Primeau            Michael Haley            Barry Tallackson         Nate Prosser             Jakub Kindl              

Goaltenders
Starting : Martin Biron             
Backup : Matt Hackett             

Extra Forwards
Normal : Shawn Matthias, Steven Zalewski, Matt Calvert - PP : Shawn Matthias, Steven Zalewski - PK : Matt Calvert
Extra Defensemen
Normal : Andrew MacDonald, Calvin de Haan, Brendon Nash - PP : Andrew MacDonald - PK : Calvin de Haan, Brendon Nash
Penalty Shots
Wayne Primeau, Barry Tallackson, Mathieu Dandenault, Alyn McCauley, Shawn Matthias

% Time on Ice - Monarchs

Lines # - Real PCT - Wanted PCT - Time Play
Normal Forward
1 - 30% - 35% - 13:43
2 - 31% - 35% - 13:57
3 - 19% - 20% - 8:48
4 - 20% - 10% - 8:58
Normal Defense
1 - 40% - 40% - 18:24
2 - 31% - 30% - 14:18
3 - 24% - 20% - 10:44
4 - 4% - 10% - 2:00
PP Forward
1 - 63% - 60% - 2:55
2 - 37% - 40% - 1:41
PP Defense
1 - 63% - 60% - 2:55
2 - 37% - 40% - 1:41
PK Forward
1 - 72% - 60% - 5:44
2 - 28% - 40% - 2:15
PK Defense
1 - 57% - 60% - 4:33
2 - 43% - 40% - 3:26
PK3 Forward
1 - 55% - 60% - 0:53
2 - 45% - 40% - 0:44
PK3 Defense
1 - 93% - 60% - 1:30
2 - 7% - 40% - 0:07
44 Forward
1 - 100% - 60% - 0:22
2 - 0% - 40% - 0:00
44 Defense
1 - 100% - 60% - 0:22
2 - 0% - 40% - 0:00
Last Minute Offensive  - 0:00
Last Minute Defensive  - 0:00
Total
Forward - 60:00
Defense - 60:00

% Time on Ice - Blackdemons

Lines # - Real PCT - Wanted PCT - Time Play
Normal Forward
1 - 31% - 40% - 13:56
2 - 31% - 30% - 14:15
3 - 26% - 20% - 11:43
4 - 12% - 10% - 5:32
Normal Defense
1 - 40% - 40% - 18:10
2 - 34% - 30% - 15:26
3 - 22% - 20% - 10:07
4 - 4% - 10% - 1:43
PP Forward
1 - 54% - 60% - 4:40
2 - 46% - 40% - 3:56
PP Defense
1 - 64% - 60% - 5:32
2 - 36% - 40% - 3:04
PK Forward
1 - 81% - 60% - 3:44
2 - 19% - 40% - 0:52
PK Defense
1 - 46% - 60% - 2:07
2 - 54% - 40% - 2:29
PK3 Forward
1 - 0% - 60%
2 - 0% - 40%
PK3 Defense
1 - 0% - 60%
2 - 0% - 40%
44 Forward
1 - 79% - 60% - 1:05
2 - 21% - 40% - 0:17
44 Defense
1 - 100% - 60% - 1:22
2 - 0% - 40% - 0:00
Last Minute Offensive  - 0:00
Last Minute Defensive  - 0:00
Total
Forward - 60:00
Defense - 60:00

Play by Play

1st period


0:01 of 1st period - Wayne Primeau wins face-off versus Jordan Nolan in neutral zone.
0:06 of 1st period - Wrist shot by Wayne Primeau.
0:06 of 1st period - Stopped by Richard Bachman with a rebound.
0:14 of 1st period - Snap shot by Wayne Primeau.
0:14 of 1st period - Stopped by Richard Bachman without a rebound.
0:15 of 1st period - Jarret Stoll wins face-off versus Mathieu Dandenault in Monarchs zone.
0:47 of 1st period - Backhand shot by Mathieu Dandenault.
0:47 of 1st period - Deflect By Zach Boychuk.
0:47 of 1st period - Shot Misses the Net.
0:47 of 1st period - Puck is out of play.
0:48 of 1st period - Cody Eakin wins face-off versus Shawn Matthias in Monarchs zone.
0:50 of 1st period - Minor Penalty to Cody Eakin for Tripping.
0:51 of 1st period - Wayne Primeau wins face-off versus Brian Gionta in Monarchs zone.
2:19 of 1st period - Mathieu Dandenault is hit by Jordan Nolan.
2:50 of 1st period - Penalty to Cody Eakin is over, Cody Eakin is back on ice.
2:57 of 1st period - Snap shot by Brock Trotter.
2:57 of 1st period - Stopped by Martin Biron with a rebound.
2:59 of 1st period - Snap shot by Richard Park.
2:59 of 1st period - Shot Misses the Net.
3:03 of 1st period - Wrist shot by Brock Trotter.
3:03 of 1st period - Goal by Brock Trotter - Monarchs : 1 - Blackdemons : 0.
3:04 of 1st period - Jarret Stoll wins face-off versus Shawn Matthias in neutral zone.
3:07 of 1st period - Snap shot by Jarret Stoll.
3:07 of 1st period - Goal by Jarret Stoll - Monarchs : 2 - Blackdemons : 0.
3:08 of 1st period - Wayne Primeau wins face-off versus Jordan Nolan in neutral zone.
3:23 of 1st period - Snap shot by Barry Tallackson.
3:23 of 1st period - Stopped by Richard Bachman with a rebound.
3:33 of 1st period - Jakub Kindl is hit by James Van Riemsdyk and loses puck.
3:58 of 1st period - Richard Park is hit by Alyn McCauley and loses puck.
4:19 of 1st period - Wrist shot by David Clarkson.
4:19 of 1st period - Shot Misses the Net.
4:21 of 1st period - Wrist shot by Dana Tyrell.
4:21 of 1st period - Stopped by Martin Biron without a rebound.
4:22 of 1st period - Jordan Nolan wins face-off versus Wayne Primeau in Blackdemons zone.
4:48 of 1st period - Minor Penalty to Shawn Belle for Tripping.
4:49 of 1st period - Brian Gionta wins face-off versus Wayne Primeau in Monarchs zone.
5:25 of 1st period - Wrist shot by Alyn McCauley.
5:25 of 1st period - Stopped by Richard Bachman with a rebound.
6:48 of 1st period - Penalty to Shawn Belle is over, Shawn Belle is back on ice.
6:52 of 1st period - Slapshot by David Clarkson.
6:52 of 1st period - Stopped by Martin Biron with a rebound.
7:43 of 1st period - Slapshot by James Van Riemsdyk.
7:43 of 1st period - Deflect By Kyle Okposo.
7:43 of 1st period - Stopped by Martin Biron with a rebound.
7:53 of 1st period - Slapshot by James Van Riemsdyk.
7:53 of 1st period - Stopped by Martin Biron without a rebound.
7:54 of 1st period - Jordan Nolan wins face-off versus Luca Caputi in Blackdemons zone.
7:59 of 1st period - Snap shot by Jordan Nolan.
7:59 of 1st period - Shot Misses the Net.
8:01 of 1st period - Snap shot by Shawn Belle.
8:01 of 1st period - Stopped by Martin Biron without a rebound.
8:02 of 1st period - Alyn McCauley wins face-off versus Jordan Nolan in Blackdemons zone.
8:37 of 1st period - Snap shot by Jarret Stoll.
8:37 of 1st period - Shot Misses the Net.
10:25 of 1st period - Off-side.
10:26 of 1st period - Dana Tyrell wins face-off versus Alyn McCauley in neutral zone.
10:53 of 1st period - Francois Bouchard is hit by James Van Riemsdyk and loses puck.
10:58 of 1st period - Snap shot by James Van Riemsdyk.
10:58 of 1st period - Shot Misses the Net.
11:00 of 1st period - Slapshot by Ian Cole.
11:00 of 1st period - Stopped by Martin Biron without a rebound.
11:01 of 1st period - Michael Haley wins face-off versus Kyle Okposo in Blackdemons zone.
12:20 of 1st period - Barry Tallackson is hit by Keith Ballard and loses puck.
12:37 of 1st period - Wrist shot by Matt Calvert.
12:37 of 1st period - Stopped by Richard Bachman without a rebound.
12:38 of 1st period - Alyn McCauley wins face-off versus David Clarkson in Monarchs zone.
12:44 of 1st period - Off-side.
12:45 of 1st period - Jarret Stoll wins face-off versus Alyn McCauley in neutral zone.
12:57 of 1st period - Jarret Stoll is hit by Matt Hunwick and loses puck.
13:17 of 1st period - Slapshot by Wayne Primeau.
13:17 of 1st period - Goal by Wayne Primeau - Monarchs : 2 - Blackdemons : 1.
13:18 of 1st period - Jordan Nolan wins face-off versus Wayne Primeau in neutral zone.
13:26 of 1st period - Wrist shot by Barry Tallackson.
13:26 of 1st period - Stopped by Richard Bachman with a rebound.
13:28 of 1st period - Snap shot by Michael Haley.
13:28 of 1st period - Stopped by Richard Bachman with a rebound.
13:32 of 1st period - Snap shot by Michael Haley.
13:32 of 1st period - Stopped by Richard Bachman with a rebound.
13:34 of 1st period - Slapshot by Michael Haley.
13:34 of 1st period - Stopped by Richard Bachman with a rebound.
13:57 of 1st period - Snap shot by Peter Schaefer.
13:57 of 1st period - Deflect By Brian Gionta.
13:57 of 1st period - Shot Misses the Net.
13:57 of 1st period - Puck is out of play.
13:58 of 1st period - Jarret Stoll wins face-off versus Wayne Primeau in Blackdemons zone.
13:59 of 1st period - Slapshot by Kyle Okposo.
13:59 of 1st period - Stopped by Martin Biron without a rebound.
14:00 of 1st period - Wayne Primeau wins face-off versus Kyle Okposo in Blackdemons zone.
14:00 of 1st period - Wayne Primeau is hit by Jarret Stoll.
14:10 of 1st period - Wrist shot by Wayne Primeau.
14:10 of 1st period - Shot Misses the Net.
14:12 of 1st period - Snap shot by Wayne Primeau.
14:12 of 1st period - Deflect By Barry Tallackson.
14:12 of 1st period - Goal by Barry Tallackson - Monarchs : 2 - Blackdemons : 2.
14:13 of 1st period - Wayne Primeau wins face-off versus Jarret Stoll in neutral zone.
14:24 of 1st period - Snap shot by Michael Haley.
14:24 of 1st period - Shot Misses the Net.
14:26 of 1st period - Slapshot by Jakub Kindl.
14:26 of 1st period - Deflect By Jarret Stoll.
14:26 of 1st period - Stopped by Richard Bachman without a rebound.
14:27 of 1st period - Wayne Primeau wins face-off versus Jordan Nolan in Monarchs zone.
14:28 of 1st period - Slapshot by Barry Tallackson.
14:28 of 1st period - Stopped by Richard Bachman with a rebound.
14:30 of 1st period - Snap shot by Michael Haley.
14:30 of 1st period - Stopped by Richard Bachman with a rebound.
14:34 of 1st period - Wrist shot by Barry Tallackson.
14:34 of 1st period - Stopped by Richard Bachman with a rebound.
15:38 of 1st period - Slapshot by Jordan Nolan.
15:38 of 1st period - Stopped by Martin Biron without a rebound.
15:39 of 1st period - Jordan Nolan wins face-off versus Steven Zalewski in Blackdemons zone.
15:52 of 1st period - Slapshot by Brian Gionta.
15:52 of 1st period - Stopped by Martin Biron without a rebound.
15:53 of 1st period - Jarret Stoll wins face-off versus Wayne Primeau in Blackdemons zone.
15:54 of 1st period - Slapshot by James Van Riemsdyk.
15:54 of 1st period - Shot Misses the Net.
16:06 of 1st period - Slapshot by Wayne Primeau.
16:06 of 1st period - Stopped by Richard Bachman with a rebound.
16:08 of 1st period - Wrist shot by Barry Tallackson.
16:08 of 1st period - Shot Misses the Net.
16:40 of 1st period - Snap shot by Shawn Matthias.
16:40 of 1st period - Deflect By Matt Calvert.
16:40 of 1st period - Stopped by Richard Bachman without a rebound.
16:41 of 1st period - Cody Eakin wins face-off versus Shawn Matthias in Monarchs zone.
16:50 of 1st period - Slapshot by Shawn Matthias.
16:50 of 1st period - Deflect By Matt Calvert.
16:50 of 1st period - Stopped by Richard Bachman with a rebound.
16:54 of 1st period - Snap shot by Matt Calvert.
16:54 of 1st period - Stopped by Richard Bachman with a rebound.
16:56 of 1st period - Snap shot by Shawn Matthias.
16:56 of 1st period - Shot Blocked by Ian Cole.
17:10 of 1st period - Matt Irwin is hit by Mathieu Dandenault and loses puck.
17:13 of 1st period - Minor Penalty to Zach Boychuk for Hooking.
17:14 of 1st period - Wayne Primeau wins face-off versus Jordan Nolan in Blackdemons zone.
17:29 of 1st period - Slapshot by Keith Ballard.
17:29 of 1st period - Deflect By Kyle Okposo.
17:29 of 1st period - Shot Misses the Net.
17:29 of 1st period - Puck is out of play.
17:30 of 1st period - Jordan Nolan wins face-off versus Wayne Primeau in Blackdemons zone.
17:41 of 1st period - Barry Tallackson is hit by Kyle Okposo and loses puck.
17:50 of 1st period - Minor Penalty to Kyle Okposo for Tripping.
17:51 of 1st period - Wayne Primeau wins face-off versus Brian Gionta in Monarchs zone.
18:12 of 1st period - Minor Penalty to Matt Irwin for Holding.
18:13 of 1st period - Brian Gionta wins face-off versus Wayne Primeau in Monarchs zone.
18:22 of 1st period - Wrist shot by Barry Tallackson.
18:22 of 1st period - Shot Blocked by Keith Ballard.
18:24 of 1st period - Slapshot by Nate Prosser.
18:24 of 1st period - Stopped by Richard Bachman with a rebound.
18:26 of 1st period - Slapshot by Nate Prosser.
18:26 of 1st period - Deflect By Barry Tallackson.
18:26 of 1st period - Shot Blocked by Frederic St-Denis.
18:26 of 1st period - Puck is out of play.
18:27 of 1st period - Brian Gionta wins face-off versus Wayne Primeau in Monarchs zone.
18:27 of 1st period - Brian Gionta is hit by Barry Tallackson.
19:13 of 1st period - Penalty to Zach Boychuk is over, Zach Boychuk is back on ice.
19:23 of 1st period - Frederic St-Denis is hit by Jakub Kindl and loses puck.
19:42 of 1st period - Slapshot by Mathieu Dandenault.
19:42 of 1st period - Deflect By Zach Boychuk.
19:42 of 1st period - Stopped by Richard Bachman without a rebound.
19:43 of 1st period - Brian Gionta wins face-off versus Barry Tallackson in Monarchs zone.
19:50 of 1st period - Penalty to Kyle Okposo is over, Kyle Okposo is back on ice.
19:51 of 1st period - Icing by Barry Tallackson.
19:52 of 1st period - Brian Gionta wins face-off versus Wayne Primeau in Blackdemons zone.
19:57 of 1st period - Wrist shot by Peter Schaefer.
19:57 of 1st period - Shot Misses the Net.
Goals for this period are 2 for Monarchs vs 2 for Blackdemons.
Shots for this period are 12 for Monarchs vs 21 for Blackdemons.

2nd period


0:01 of 2nd period - Wayne Primeau wins face-off versus Brian Gionta in neutral zone.
0:04 of 2nd period - Frederic St-Denis is hit by Wayne Primeau and loses puck.
0:12 of 2nd period - Penalty to Matt Irwin is over, Matt Irwin is back on ice.
0:44 of 2nd period - Wrist shot by James Van Riemsdyk.
0:44 of 2nd period - Shot Blocked by Shawn Matthias.
1:13 of 2nd period - Slapshot by Wayne Primeau.
1:13 of 2nd period - Deflect By Keith Ballard.
1:13 of 2nd period - Stopped by Richard Bachman without a rebound.
1:14 of 2nd period - Wayne Primeau wins face-off versus Jordan Nolan in Monarchs zone.
1:15 of 2nd period - Snap shot by Barry Tallackson.
1:15 of 2nd period - Stopped by Richard Bachman with a rebound.
1:17 of 2nd period - Snap shot by Michael Haley.
1:17 of 2nd period - Goal by Michael Haley - Monarchs : 2 - Blackdemons : 3.
1:18 of 2nd period - Wayne Primeau wins face-off versus Jarret Stoll in neutral zone.
1:21 of 2nd period - Snap shot by Barry Tallackson.
1:21 of 2nd period - Shot Misses the Net.
1:23 of 2nd period - Wrist shot by Wayne Primeau.
1:23 of 2nd period - Shot Blocked by Matt Irwin.
1:43 of 2nd period - Kyle Okposo is hit by Jakub Kindl and loses puck.
2:36 of 2nd period - Backhand shot by Brian Gionta.
2:36 of 2nd period - Shot Blocked by Wayne Primeau.
2:46 of 2nd period - Francois Bouchard is hit by Cody Eakin and loses puck.
3:05 of 2nd period - Michael Haley is hit by David Clarkson.
3:50 of 2nd period - Matt Hunwick is hit by Frederic St-Denis and loses puck.
5:28 of 2nd period - Brock Trotter is hit by Wayne Primeau and loses puck.
5:41 of 2nd period - Snap shot by Matt Irwin.
5:41 of 2nd period - Stopped by Martin Biron without a rebound.
5:42 of 2nd period - Alyn McCauley wins face-off versus Jarret Stoll in Blackdemons zone.
5:46 of 2nd period - Off-side.
5:47 of 2nd period - Wayne Primeau wins face-off versus Jordan Nolan in neutral zone.
5:55 of 2nd period - Peter Schaefer beats up Michael Haley.
5:55 of 2nd period - Penalty to Michael Haley for Fighting.
5:55 of 2nd period - Penalty to Peter Schaefer for Fighting.
5:56 of 2nd period - Wayne Primeau wins face-off versus Jarret Stoll in Monarchs zone.
6:41 of 2nd period - Off-side.
6:42 of 2nd period - Dana Tyrell wins face-off versus Steven Zalewski in neutral zone.
7:50 of 2nd period - Slapshot by Matt Hunwick.
7:50 of 2nd period - Shot Blocked by Shawn Belle.
7:56 of 2nd period - Slapshot by Brendon Nash.
7:56 of 2nd period - Shot Blocked by Shawn Belle.
9:04 of 2nd period - Wrist shot by James Van Riemsdyk.
9:04 of 2nd period - Shot Blocked by Jakub Kindl.
9:06 of 2nd period - Backhand shot by Matt Irwin.
9:06 of 2nd period - Deflect By James Van Riemsdyk.
9:06 of 2nd period - Shot Misses the Net.
9:06 of 2nd period - Puck is out of play.
9:07 of 2nd period - Jarret Stoll wins face-off versus Barry Tallackson in Blackdemons zone.
9:08 of 2nd period - Snap shot by James Van Riemsdyk.
9:08 of 2nd period - Shot Blocked by Shawn Matthias.
9:21 of 2nd period - Wrist shot by Jarret Stoll.
9:21 of 2nd period - Stopped by Martin Biron with a rebound.
9:53 of 2nd period - Slapshot by Brian Gionta.
9:53 of 2nd period - Shot Blocked by Nate Prosser.
9:57 of 2nd period - Wrist shot by David Clarkson.
9:57 of 2nd period - Shot Blocked by Alyn McCauley.
9:59 of 2nd period - Wrist shot by Dana Tyrell.
9:59 of 2nd period - Stopped by Martin Biron without a rebound.
10:00 of 2nd period - Jordan Nolan wins face-off versus Wayne Primeau in Blackdemons zone.
10:32 of 2nd period - Snap shot by Zach Boychuk.
10:32 of 2nd period - Shot Blocked by James Van Riemsdyk.
10:44 of 2nd period - Snap shot by David Clarkson.
10:44 of 2nd period - Stopped by Martin Biron with a rebound.
10:46 of 2nd period - Snap shot by Dana Tyrell.
10:46 of 2nd period - Shot Blocked by Brendon Nash.
10:48 of 2nd period - Wrist shot by David Clarkson.
10:48 of 2nd period - Shot Misses the Net.
10:50 of 2nd period - Slapshot by Keith Ballard.
10:50 of 2nd period - Stopped by Martin Biron with a rebound.
10:52 of 2nd period - Wrist shot by Matt Irwin.
10:52 of 2nd period - Shot Blocked by Matt Calvert.
11:02 of 2nd period - Matt Hunwick is hit by Shawn Belle and loses puck.
11:15 of 2nd period - Snap shot by Shawn Matthias.
11:15 of 2nd period - Stopped by Richard Bachman with a rebound.
11:17 of 2nd period - Snap shot by Francois Bouchard.
11:17 of 2nd period - Shot Misses the Net.
11:21 of 2nd period - Snap shot by Francois Bouchard.
11:21 of 2nd period - Stopped by Richard Bachman with a rebound.
11:23 of 2nd period - Snap shot by Matt Calvert.
11:23 of 2nd period - Deflect By Shawn Matthias.
11:23 of 2nd period - Stopped by Richard Bachman without a rebound.
11:24 of 2nd period - Wayne Primeau wins face-off versus James Van Riemsdyk in Monarchs zone.
11:54 of 2nd period - Snap shot by Wayne Primeau.
11:54 of 2nd period - Stopped by Richard Bachman with a rebound.
11:56 of 2nd period - Snap shot by Barry Tallackson.
11:56 of 2nd period - Stopped by Richard Bachman with a rebound.
11:58 of 2nd period - Snap shot by Barry Tallackson.
11:58 of 2nd period - Deflect By Michael Haley.
11:58 of 2nd period - Shot Misses the Net.
11:58 of 2nd period - Puck is out of play.
11:59 of 2nd period - Jarret Stoll wins face-off versus Alyn McCauley in Monarchs zone.
11:59 of 2nd period - Jarret Stoll is hit by Mathieu Dandenault.
12:11 of 2nd period - Alyn McCauley is hit by James Van Riemsdyk.
12:29 of 2nd period - Slapshot by Keith Ballard.
12:29 of 2nd period - Stopped by Martin Biron with a rebound.
12:47 of 2nd period - Snap shot by Richard Park.
12:47 of 2nd period - Stopped by Martin Biron with a rebound.
12:49 of 2nd period - Slapshot by Keith Ballard.
12:49 of 2nd period - Shot Misses the Net.
12:51 of 2nd period - Snap shot by Cody Eakin.
12:51 of 2nd period - Shot Misses the Net.
12:53 of 2nd period - Snap shot by Brock Trotter.
12:53 of 2nd period - Deflect By Richard Park.
12:53 of 2nd period - Shot Blocked by Nate Prosser.
12:53 of 2nd period - Puck is out of play.
12:54 of 2nd period - Alyn McCauley wins face-off versus Jarret Stoll in Blackdemons zone.
12:59 of 2nd period - Slapshot by Matt Hunwick.
12:59 of 2nd period - Deflect By Alyn McCauley.
12:59 of 2nd period - Shot Misses the Net.
12:59 of 2nd period - Puck is out of play.
13:00 of 2nd period - Alyn McCauley wins face-off versus Jarret Stoll in Monarchs zone.
13:24 of 2nd period - Off-side.
13:25 of 2nd period - Wayne Primeau wins face-off versus Jordan Nolan in neutral zone.
13:28 of 2nd period - Wrist shot by Jakub Kindl.
13:28 of 2nd period - Stopped by Richard Bachman with a rebound.
13:30 of 2nd period - Backhand shot by Michael Haley.
13:30 of 2nd period - Deflect By Barry Tallackson.
13:30 of 2nd period - Shot Misses the Net.
13:30 of 2nd period - Puck is out of play.
13:31 of 2nd period - Wayne Primeau wins face-off versus Brian Gionta in Monarchs zone.
14:06 of 2nd period - Snap shot by Alyn McCauley.
14:06 of 2nd period - Shot Misses the Net.
14:32 of 2nd period - Wrist shot by James Van Riemsdyk.
14:32 of 2nd period - Stopped by Martin Biron without a rebound.
14:33 of 2nd period - Peter Schaefer wins face-off versus Wayne Primeau in Blackdemons zone.
15:25 of 2nd period - Off-side.
15:26 of 2nd period - Wayne Primeau wins face-off versus Dana Tyrell in neutral zone.
15:29 of 2nd period - Slapshot by Nate Prosser.
15:29 of 2nd period - Shot Blocked by Frederic St-Denis.
15:48 of 2nd period - Wrist shot by Dana Tyrell.
15:48 of 2nd period - Shot Misses the Net.
16:06 of 2nd period - Snap shot by Keith Ballard.
16:06 of 2nd period - Shot Misses the Net.
16:08 of 2nd period - Slapshot by Keith Ballard.
16:08 of 2nd period - Stopped by Martin Biron without a rebound.
16:09 of 2nd period - Alyn McCauley wins face-off versus Jordan Nolan in Blackdemons zone.
16:09 of 2nd period - Alyn McCauley is hit by Jordan Nolan.
16:15 of 2nd period - Snap shot by Brendon Nash.
16:15 of 2nd period - Shot Blocked by Jake Muzzin.
16:25 of 2nd period - Jake Muzzin is hit by Zach Boychuk and loses puck.
17:49 of 2nd period - Shawn Belle is hit by Michael Haley and loses puck.
18:12 of 2nd period - Snap shot by Brian Gionta.
18:12 of 2nd period - Stopped by Martin Biron with a rebound.
18:16 of 2nd period - Snap shot by Brian Gionta.
18:16 of 2nd period - Shot Misses the Net.
18:18 of 2nd period - Snap shot by Jake Muzzin.
18:18 of 2nd period - Shot Misses the Net.
18:28 of 2nd period - Slapshot by James Van Riemsdyk.
18:28 of 2nd period - Stopped by Martin Biron with a rebound.
18:30 of 2nd period - Wrist shot by James Van Riemsdyk.
18:30 of 2nd period - Deflect By Jarret Stoll.
18:30 of 2nd period - Stopped by Martin Biron with a rebound.
18:32 of 2nd period - Snap shot by Kyle Okposo.
18:32 of 2nd period - Shot Blocked by Matt Hunwick.
18:48 of 2nd period - Slapshot by Brendon Nash.
18:48 of 2nd period - Deflect By Keith Ballard.
18:48 of 2nd period - Stopped by Richard Bachman without a rebound.
18:49 of 2nd period - Dana Tyrell wins face-off versus Alyn McCauley in Monarchs zone.
18:49 of 2nd period - Dana Tyrell is hit by Nate Prosser.
18:59 of 2nd period - Slapshot by David Clarkson.
18:59 of 2nd period - Shot Blocked by Mathieu Dandenault.
19:17 of 2nd period - Wrist shot by Keith Ballard.
19:17 of 2nd period - Shot Misses the Net.
19:23 of 2nd period - Slapshot by David Clarkson.
19:23 of 2nd period - Shot Misses the Net.
19:34 of 2nd period - Icing by Dana Tyrell.
19:35 of 2nd period - Wayne Primeau wins face-off versus Dana Tyrell in Monarchs zone.
19:40 of 2nd period - Slapshot by Barry Tallackson.
19:40 of 2nd period - Shot Misses the Net.
19:42 of 2nd period - Slapshot by Wayne Primeau.
19:42 of 2nd period - Stopped by Richard Bachman with a rebound.
Goals for this period are 0 for Monarchs vs 1 for Blackdemons.
Shots for this period are 12 for Monarchs vs 11 for Blackdemons.

3rd period


0:01 of 3rd period - Wayne Primeau wins face-off versus Jordan Nolan in neutral zone.
0:14 of 3rd period - Wrist shot by Peter Schaefer.
0:14 of 3rd period - Stopped by Martin Biron with a rebound.
0:32 of 3rd period - Slapshot by Nate Prosser.
0:32 of 3rd period - Shot Misses the Net.
0:34 of 3rd period - Slapshot by Jakub Kindl.
0:34 of 3rd period - Stopped by Richard Bachman with a rebound.
0:36 of 3rd period - Snap shot by Barry Tallackson.
0:36 of 3rd period - Shot Misses the Net.
0:38 of 3rd period - Slapshot by Jakub Kindl.
0:38 of 3rd period - Deflect By Richard Park.
0:38 of 3rd period - Stopped by Richard Bachman with a rebound.
0:40 of 3rd period - Slapshot by Jakub Kindl.
0:40 of 3rd period - Deflect By Barry Tallackson.
0:40 of 3rd period - Shot Misses the Net.
0:40 of 3rd period - Puck is out of play.
0:41 of 3rd period - Alyn McCauley wins face-off versus Jarret Stoll in Monarchs zone.
0:53 of 3rd period - Double Minor Penalty to Matt Hunwick for High sticking.
0:54 of 3rd period - Wayne Primeau wins face-off versus Jordan Nolan in Blackdemons zone.
0:54 of 3rd period - Wayne Primeau is hit by Matt Irwin.
1:50 of 3rd period - Off-side.
1:51 of 3rd period - Brian Gionta wins face-off versus Matt Calvert in neutral zone.
2:44 of 3rd period - Brendon Nash is hit by Kyle Okposo and loses puck.
2:55 of 3rd period - Wayne Primeau is hit by Matt Irwin and loses puck.
4:53 of 3rd period - Penalty to Matt Hunwick is over, Matt Hunwick is back on ice.
5:15 of 3rd period - Shawn Belle is hit by Wayne Primeau.
5:40 of 3rd period - Snap shot by Alyn McCauley.
5:40 of 3rd period - Shot Blocked by Jake Muzzin.
7:43 of 3rd period - Brock Trotter is hit by Mathieu Dandenault and loses puck.
7:50 of 3rd period - Snap shot by Mathieu Dandenault.
7:50 of 3rd period - Shot Misses the Net.
7:56 of 3rd period - Brock Trotter is hit by Nate Prosser and loses puck.
8:10 of 3rd period - Minor Penalty to Jake Muzzin for Hooking.
8:11 of 3rd period - Brian Gionta wins face-off versus Wayne Primeau in Monarchs zone.
8:16 of 3rd period - Wrist shot by Peter Schaefer.
8:16 of 3rd period - Shot Blocked by Jakub Kindl.
8:18 of 3rd period - Slapshot by Frederic St-Denis.
8:18 of 3rd period - Stopped by Martin Biron with a rebound.
8:20 of 3rd period - Slapshot by Frederic St-Denis.
8:20 of 3rd period - Shot Blocked by Jakub Kindl.
8:22 of 3rd period - Slapshot by Frederic St-Denis.
8:22 of 3rd period - Stopped by Martin Biron without a rebound.
8:23 of 3rd period - Wayne Primeau wins face-off versus Brian Gionta in Blackdemons zone.
8:27 of 3rd period - Off-side.
8:28 of 3rd period - Barry Tallackson wins face-off versus Brian Gionta in neutral zone.
10:10 of 3rd period - Penalty to Jake Muzzin is over, Jake Muzzin is back on ice.
10:16 of 3rd period - Slapshot by Calvin de Haan.
10:16 of 3rd period - Stopped by Richard Bachman with a rebound.
10:18 of 3rd period - Wrist shot by Shawn Matthias.
10:18 of 3rd period - Goal by Shawn Matthias - Monarchs : 2 - Blackdemons : 4.
10:19 of 3rd period - Jarret Stoll wins face-off versus Wayne Primeau in neutral zone.
10:22 of 3rd period - Wayne Primeau is hit by James Van Riemsdyk.
10:57 of 3rd period - Wrist shot by Matt Calvert.
10:57 of 3rd period - Stopped by Richard Bachman with a rebound.
12:07 of 3rd period - Jake Muzzin is hit by Shawn Matthias.
13:09 of 3rd period - Snap shot by Brian Gionta.
13:09 of 3rd period - Shot Misses the Net.
13:11 of 3rd period - Slapshot by Dana Tyrell.
13:11 of 3rd period - Deflect By Matt Martin.
13:11 of 3rd period - Shot Blocked by Nate Prosser.
13:11 of 3rd period - Nate Prosser from Blackdemons is injured at 13:11 of 3rd period (Sore Right Knee).
13:12 of 3rd period - Jarret Stoll wins face-off versus Wayne Primeau in Blackdemons zone.
13:17 of 3rd period - Snap shot by James Van Riemsdyk.
13:17 of 3rd period - Stopped by Martin Biron without a rebound.
13:18 of 3rd period - Jarret Stoll wins face-off versus Wayne Primeau in Blackdemons zone.
13:21 of 3rd period - Slapshot by James Van Riemsdyk.
13:21 of 3rd period - Stopped by Martin Biron without a rebound.
13:22 of 3rd period - Wayne Primeau wins face-off versus Jarret Stoll in Blackdemons zone.
13:50 of 3rd period - Snap shot by Barry Tallackson.
13:50 of 3rd period - Shot Misses the Net.
14:06 of 3rd period - Wrist shot by Barry Tallackson.
14:06 of 3rd period - Stopped by Richard Bachman with a rebound.
14:08 of 3rd period - Slapshot by Andrew MacDonald.
14:08 of 3rd period - Deflect By Barry Tallackson.
14:08 of 3rd period - Shot Blocked by Matt Irwin.
14:08 of 3rd period - Puck is out of play.
14:09 of 3rd period - Jordan Nolan wins face-off versus Alyn McCauley in Monarchs zone.
14:16 of 3rd period - Wrist shot by Peter Schaefer.
14:16 of 3rd period - Stopped by Martin Biron with a rebound.
14:48 of 3rd period - Off-side.
14:49 of 3rd period - Peter Schaefer wins face-off versus Steven Zalewski in neutral zone.
15:27 of 3rd period - Minor Penalty to Brock Trotter for High sticking.
15:28 of 3rd period - Wayne Primeau wins face-off versus Brian Gionta in Monarchs zone.
16:00 of 3rd period - Wrist shot by Zach Boychuk.
16:00 of 3rd period - Stopped by Richard Bachman with a rebound.
16:02 of 3rd period - Snap shot by Alyn McCauley.
16:02 of 3rd period - Shot Misses the Net.
16:04 of 3rd period - Backhand shot by Matt Hunwick.
16:04 of 3rd period - Goal by Matt Hunwick - Monarchs : 2 - Blackdemons : 5.
16:05 of 3rd period - Jarret Stoll wins face-off versus Wayne Primeau in neutral zone.
16:42 of 3rd period - Slapshot by Zach Boychuk.
16:42 of 3rd period - Shot Misses the Net.
16:48 of 3rd period - Slapshot by Brian Gionta.
16:48 of 3rd period - Shot Blocked by Brendon Nash.
17:00 of 3rd period - Keith Ballard is hit by Matt Hunwick and loses puck.
17:17 of 3rd period - David Clarkson is hit by Steven Zalewski and loses puck.
17:51 of 3rd period - Snap shot by Brian Gionta.
17:51 of 3rd period - Shot Misses the Net.
17:55 of 3rd period - Snap shot by Jordan Nolan.
17:55 of 3rd period - Stopped by Martin Biron with a rebound.
18:56 of 3rd period - Minor Penalty to Richard Park for Interference.
18:57 of 3rd period - Wayne Primeau wins face-off versus Brian Gionta in Monarchs zone.
19:32 of 3rd period - Off-side.
19:33 of 3rd period - Michael Haley wins face-off versus Jarret Stoll in neutral zone.
Goals for this period are 0 for Monarchs vs 2 for Blackdemons.
Shots for this period are 7 for Monarchs vs 8 for Blackdemons.


Output by the SimonT Hockey Simulator (STHS) for François Prévost -- Original Page W3C XHTML 1.0 Valid
Hockey Simulator - Hockey Simulation - Hockey Manager